 Dungeon Crawl Stone Soup version 0.31-a0-149-g3fdcc5976a (webtiles) character file.

Game seed: 12813027092403157789

60 sanka the Conjurer (level 3, -1/26 HPs)
             Began as a Demigod Conjurer on June 7, 2023.
             Killed by divine providence
             ... invoked by an orc priest
              (13 damage)
             ... on level 3 of the Dungeon.
             The game lasted 00:02:27 (2373 turns).

sanka the Conjurer (Demigod Conjurer)               Turns: 2373, Time: 00:02:27

Health: -1/26      AC:  3    Str:  8    XL:     3   Next: 55%
Magic:  5/8        EV: 12    Int: 24    God:
Gold:   134        SH:  0    Dex: 12    Spells: 3/6 levels left

rFire   . . .        e - +0 spear
rCold   . . .        (no shield)
rNeg    . . .        a - +0 robe
rPois   .            (no helmet)
rElec   .            k - +0 cloak
rCorr   .            (no gloves)
SInv    .            (no boots)
Will    .....        (no amulet)
Stlth   ++           (no ring)
HPRegen 0.24/turn    (no ring)
MPRegen 0.11/turn

%: no passive effects
@: no status effects
A: high MP 1, forlorn, divine attributes
a: no special abilities


You were on level 3 of the Dungeon.
You visited 1 branch of the dungeon, and saw 3 of its levels.

You collected 134 gold pieces.


Innate Abilities, Weirdness & Mutations

You have an increased reservoir of magic. (+10% MP)
You shall have no god before yourself.
Your divine heritage dramatically boosts your attributes as you level up.


   Skills:
 - Level 1.7 Dodging
 - Level 1.7 Stealth
 - Level 2.0 Spellcasting
 + Level 4.9 Conjurations


You had 3 spell levels left.
You knew the following spells:

 Your Spells              Type           Power      Damage    Failure   Level
x - Searing Ray           Conj           52%        2d6       2%          2
z - Magic Dart            Conj           100%       1d8       1%          1

Your spell library contained the following spells:

 Spells                   Type           Power      Damage    Failure   Level
 Dazzling Flash           Conj/Hex       28%        N/A       13%         3
 Fulminant Prism          Conj/Hex       7%         3d7       41%         4
 Iskenderun's Mystic Bla  Conj/Tloc      14%        2d5       41%         4

Inventory:

Hand Weapons
 e - a +0 spear (weapon)
Armour
 a - a +0 robe (worn)
 k - a +0 cloak (worn)
Wands
 l - a wand of paralysis (10)
Scrolls
 c - a scroll of teleportation {unknown}
 d - a scroll of fog {unknown}
 g - a scroll of silence {unknown}
 h - a scroll of brand weapon {unknown}
 i - a scroll of enchant weapon {unknown}
Potions
 b - a potion of magic
 f - a potion of enlightenment {unknown}
 j - a potion of berserk rage {unknown}

Dungeon Overview and Level Annotations

Branches:
Dungeon (3/15)

▒▒▒▒▒▒ ▒....▒
▒....▒▒▒▒▒▒▒▒▒
▒o.>.........▒
▒por..o.▒....
▒.......▒▒ .
▒....▒...▒▒▒
▒....▒▒....▒
▒....▒▒.▒▒.......
▒....▒▒.▒ ▒▒.....
▒▒▒▒▒▒▒+▒ o...
... S.


You could see an orc priest, 2 orcs and a rat.


Message History

The magic dart hits the orc priest.
The orc priest is heavily wounded.
An orc comes into view. It is wielding a +0 club.
The magic dart hits the orc priest!
The orc priest is almost dead.
The orc shouts!
The magic dart hits the orc priest.
The orc priest is almost dead.
A rat comes into view.
The magic dart hits the orc but does no damage.
You can't see any susceptible monsters within range! (Use Z to cast anyway.)
An adder comes into view.
There is a stone staircase leading up here.
You reach to attack!
You hit the orc but do no damage. You closely miss the orc.
The orc hits you with a +0 hand axe.
You hit the orc but do no damage. You hit the orc but do no damage.
The orc hits you with a +0 hand axe.
The orc priest looks braver for a moment.
You hit the orc but do no damage. The orc hits you with a +0 hand axe.
* * * LOW HITPOINT WARNING * * *
The orc hits you with a +0 club.
* * * LOW HITPOINT WARNING * * *
The orc priest calls down the wrath of Beogh upon you.
Beogh smites you!
Ouch! That really hurt!
You die...

Action                     || total
---------------------------++-------
  Melee: Spear             ||    10
   Cast: Magic Dart        ||    84
         Searing Ray       ||     2
 Armour: Robe              ||     3
  Dodge: Dodged            ||    13

Levels and vault maps discovered:
D:1:      minmay_arrival_open_corners, layout_basic, minmay_tromino_v7
D:2:      layout_loops_ring, ebering_ecumenical_altar_hall, nicolae_wormholes
D:3:      layout_basic, zin_academy, minmay_mini_jars

Notes
Turn   | Place    | Note
-------+----------+-------------------------------------------
     0 | D:1      | sanka the Demigod Conjurer began the quest for the Orb.
     0 | D:1      | Reached XP level 1. HP: 14/14 MP: 5/5
   160 | D:1      | Reached skill level 2 in Spellcasting
   404 | D:1      | Reached skill level 4 in Conjurations
   422 | D:1      | HP: 1/14 [dart slug/slug dart (2)]
   443 | D:1      | Reached XP level 2. HP: 9/20 MP: 1/7
  1596 | D:2      | Reached XP level 3. HP: 11/26 MP: 2/8
  1684 | D:2      | Learned a level 2 spell: Searing Ray
  2373 | D:3      | Killed from afar by an orc priest

Vanquished Creatures
  2 adders (D:2)
  3 worms (D:2)
  2 dart slugs
  2 giant cockroaches (D:1)
  2 goblins (D:1)
  4 hobgoblins
  2 jackals (D:2)
  A quokka (D:2)
  6 ball pythons (D:1)
  3 bats
  A frilled lizard (D:1)
  3 kobolds (D:1)
31 creatures vanquished.
